 Dungeon Crawl Stone Soup version 0.30-a0-540-g0af01429fa (webtiles) character file.

Game seed: 425321966875551253

268 Pooter the Shooter (level 6, 0/53 HPs)
             Began as a Minotaur Hunter on Dec 26, 2022.
             Slain by an orc
             ... wielding a +0 short sword
              (4 damage)
             ... on level 4 of the Dungeon.
             The game lasted 00:11:38 (2209 turns).

Pooter the Shooter (Minotaur Hunter)                Turns: 2209, Time: 00:11:39

Health: 0/53       AC: 12    Str: 16    XL:     6   Next: 1%
Magic:  14/14      EV:  5    Int:  8    God:
Gold:   139        SH:  0    Dex: 14    Spells: 5/5 levels left

rFire   . . .      SeeInvis .    a - +0 scythe
rCold   . . .      Faith    .    (shield currently unavailable)
rNeg    + . .      Spirit   .    l - +1 plate armour of Meustrok {rPois rN+ Str-5}
rPois   +          Reflect  .    (helmet restricted)
rElec   .          Harm     .    (no cloak)
rCorr   .          Rampage  .    (no gloves)
Will    .....                    (no boots) Stlth
                                 (no amulet)
HPRegen 0.28/turn                d - ring of magical power
MPRegen 0.14/turn                e - +6 ring of strength

@: no status effects
A: horns 2, retaliatory headbutt
a: no special abilities


You were on level 4 of the Dungeon.
You visited 1 branch of the dungeon, and saw 5 of its levels.

You collected 139 gold pieces.

Inventory:

Hand Weapons
 a - a +0 scythe (weapon)
   (You took it off Sigmund on level 2 of the Dungeon)
 b - a +0 shortbow
 f - a +2 dagger of venom
   (You took it off a kobold on level 1 of the Dungeon)
 k - a +0 short sword
   (You took it off a kobold on level 1 of the Dungeon)
Missiles
 h - 2 poisoned darts
 Q - 43 stones (quivered)
Armour
 c - a +0 leather armour
 l - the +1 plate armour of Meustrok (worn) {rPois rN+ Str-5}
   (You found it on level 2 of the Dungeon)

   Str:       It affects your strength (-5).
   rPois:     It protects you from poison.
   rN:        It protects you from negative energy.
Jewellery
 d - a ring of magical power (left hand)
   (You found it on level 1 of the Dungeon)
 e - a +6 ring of strength (right hand)
   (You found it on level 1 of the Dungeon)
Wands
 r - a wand of polymorph (6)
   (You found it on level 3 of the Dungeon)
Scrolls
 g - a scroll of torment {unknown}
 i - 2 scrolls of immolation {!r}
 m - a scroll of poison {unknown}
 n - a scroll of silence {unknown}
 q - a scroll of brand weapon {unknown}
Potions
 j - a potion of ambrosia {unknown}
 p - a potion of degeneration {unknown}


   Skills:
 + Level 4.3 Fighting
 + Level 0.7 Polearms
 * Level 6.6 Ranged Weapons
 + Level 2.7 Armour
 - Level 2.1 Dodging
 - Level 0.7 Stealth


You had 5 spell levels left.
You didn't know any spells.
Your spell library contained the following spells:

 Spells                   Type           Power      Damage    Failure   Level
 Cigotuvi's Dreadful Rot  Necr/Pois/Air  0%         N/A       100%        2
 Poisonous Vapours        Pois/Air       0%         N/A       100%        2
 Mephitic Cloud           Conj/Pois/Air  0%         N/A       100%        3


Dungeon Overview and Level Annotations

Branches:
Dungeon (5/15)             Temple (0/1) D:5

Altars:


Innate Abilities, Weirdness & Mutations

You have a pair of horns on your head.
You reflexively headbutt those who attack you in melee.


Message History

The orc hits you but does no damage.
A worm comes into view.
The orc hits you but does no damage.
The orc throws a boomerang.
The boomerang closely misses you.
You have reached level 6!
You hit the orc. Your headbutt misses the orc.
The orc hits you with a +0 falchion.
* * * LOW HITPOINT WARNING * * *
The orc hits you but does no damage.
The orc throws a boomerang.
The boomerang hits you but does no damage.
You barely miss the orc. The orc hits you with a +0 falchion.
* * * LOW HITPOINT WARNING * * *
The orc hits you with a +0 short sword.
* * * LOW HITPOINT WARNING * * *
The orc throws a boomerang.
The boomerang hits you but does no damage.
The orc closely misses you. The orc hits you but does no damage.
You closely miss the orc. The orc hits you but does no damage. x3
Unknown command.
You closely miss the orc. You headbutt the orc.
The orc hits you but does no damage. x3
A goblin comes into view. It is wielding a +0 club.
An ufetubus comes into view.
The orc hits you with a +0 falchion.
* * * LOW HITPOINT WARNING * * *
The orc hits you but does no damage. The orc hits you with a +0 club.
* * * LOW HITPOINT WARNING * * *
The ufetubus shouts!
You hit the orc. The orc hits you with a +0 club.
* * * LOW HITPOINT WARNING * * *
The orc hits you but does no damage. x2
You barely miss the orc. The orc hits you but does no damage. x2
The orc hits you with a +0 falchion.
* * * LOW HITPOINT WARNING * * *
The orc hits you but does no damage. x3
You barely miss the orc. The orc barely misses you.
The orc hits you with a +0 short sword.
* * * LOW HITPOINT WARNING * * *
The orc hits you but does no damage.
You hit the orc.
You kill the orc!
The ufetubus hits you but does no damage.
The ufetubus barely misses you. The orc barely misses you.
The orc hits you but does no damage.
The ufetubus hits you but does no damage.
The ufetubus barely misses you.
You closely miss the orc. The orc hits you but does no damage. x2
The ufetubus hits you but does no damage. x2
The orc hits you with a +0 short sword.
You die...

... . .. .. ..
... #. .... #.
.....#g##
......oo####..#
#..o5@.....#
############


You could see 3 orcs, an ufetubus and a goblin.

Vanquished Creatures
  Sigmund (D:2)
  3 gnolls (D:3)
  2 adders
  A dart slug (D:1)
  4 orcs
  3 ball pythons
  2 endoplasms
  3 giant cockroaches
  6 goblins
  6 hobgoblins
  9 kobolds
  3 quokkas
  5 bats
  2 frilled lizards (D:1)
  3 rats
53 creatures vanquished.

Notes
Turn   | Place    | Note
-------+----------+-------------------------------------------
     0 | D:1      | Pooter the Minotaur Hunter began the quest for the Orb.
     0 | D:1      | Reached XP level 1. HP: 18/18 MP: 0/0
   325 | D:1      | Reached XP level 2. HP: 25/25 MP: 1/1
   468 | D:1      | Reached skill level 5 in Ranged Weapons
   774 | D:1      | Reached XP level 3. HP: 31/31 MP: 2/2
   955 | D:2      | Identified the +1 plate armour of Meustrok {rPois rN+
                  | Str-5}
  1436 | D:2      | Noticed Sigmund
  1450 | D:2      | Killed Sigmund
  1451 | D:2      | Reached skill level 6 in Ranged Weapons
  1451 | D:2      | Reached XP level 4. HP: 18/40 MP: 3/3
  1451 | D:2      | Reached XP level 5. HP: 21/46 MP: 4/4
  2179 | D:3      | You fall into a shaft and drop 2 floors!
  2179 | D:5      | Entered Level 5 of the Dungeon
  2184 | D:5      | Noticed a centaur
  2201 | D:4      | Reached XP level 6. HP: 18/53 MP: 5/5
  2209 | D:4      | Slain by an orc

Illustrated notes

Levels and vault maps discovered:
D:1:      sevenhm_arrival_forest_fort_small_3, layout_basic,
          dreamdust_princess_corridor
D:2:      layout_loops_corners, uniq_sigmund
D:3:      layout_loops_ring, nicolae_concentric_dashed_squares_mild
D:4:      kennysheep_the_goblin_king, layout_basic,
          gammafunk_temple_overflow_pools
D:5:      layout_loops_cross, minmay_temple_entry_stoned_glass

Skill      XL: |  1  2  3 |
---------------+----------+-----
Fighting       | 3 4 |  4.3
Ranged Weapons | 5 6 |  6.6
Armour         | 2 |  2.7
Polearms       | |  0.7
Dodging        | |  2.1
Stealth        | |  0.7

Action                   |  1- 3 |  4- 6 || total
-------------------------+-------+-------++-------
Melee: Dagger            |    13 |       ||    13
       Headbutt          |     1 |     5 ||     6
       Halberd           |       |    34 ||    34
 Fire: Shortbow          |    82 |    22 ||   104
  Use: Potion            |     1 |       ||     1
       Scroll            |       |     2 ||     2
Armor: Leather armour    |     5 |       ||     5
       Plate armour      |    16 |    65 ||    81
Dodge: Dodged            |    14 |    21 ||    35

Table legend: (Time is in decaauts)
 A = Elapsed time spent in this place.
 B = Non-inter-level travel time spent in this place.
 C = Inter-level travel time spent in this place.
 D = Time resting spent in this place.
 E = Time spent auto-exploring this place.
 F = Levels seen in this place.
 G = Mean time per level.
                   A        B        C        D        E       F      G
               +--------+--------+--------+--------+--------+-----+--------+
         Total |   2269 |   2219 |     50 |    266 |   1525 |   5 |  453.8 |
       Dungeon |   2269 |   2219 |     50 |    266 |   1525 |   5 |  453.8 |
               +--------+--------+--------+--------+--------+-----+--------+

Top non-repeatable levels by time:
     D:2: 1016 daAuts
     D:1: 869 daAuts
     D:3: 348 daAuts
     D:5: 17 daAuts
     D:4: 16 daAuts
